 Dungeon Crawl Stone Soup version 0.29-a0-360-g8ed1089bbe (webtiles) character file.

Game seed: 3513248551344431498

152 klau3 the Slasher (level 5, -7/47 HPs)
             Began as a Minotaur Berserker on Apr 28, 2022.
             Was a Believer of Trog.
             Killed by divine providence
             ... invoked by an orc priest
              (10 damage)
             ... on level 4 of the Dungeon.
             The game lasted 00:06:19 (3315 turns).

klau3 the Slasher (Minotaur Berserker)              Turns: 3315, Time: 00:06:20

Health: -7/47      AC: 11    Str: 24    XL:     5   Next: 11%
Magic:  4/4        EV:  7    Int:  4    God:    Trog [**....]
Gold:   174        SH:  0    Dex:  9    Spells: 4/4 levels left

rFire   . . .      SeeInvis .   s - +2 hand axe (vorpal)
rCold   . . .      Faith    .   (no shield)
rNeg    . . .      Spirit   .   v - +0 plate armour
rPois   .          Reflect  .   (helmet restricted)
rElec   .          Harm     .   (no cloak)
rCorr   .          Rampage  .   (no gloves)
Will    .....                   (no boots)
Stlth   ..........              (no amulet)
HPRegen 0.15/turn               (no ring)
MPRegen 0.09/turn               (no ring)

@: no status effects
A: horns 2, retaliatory headbutt
a: Renounce Religion, Berserk, Trog's Hand


You were on level 4 of the Dungeon.
You worshipped Trog.
Trog was pleased with you.
You visited 1 branch of the dungeon, and saw 4 of its levels.

You collected 174 gold pieces.

Inventory:

Hand Weapons
 a - a +0 falchion
 s - a +2 vorpal hand axe (weapon)
 w - a +0 short sword of venom
 x - a +0 whip
Missiles
 m - 3 poisoned darts (quivered)
Armour
 b - a +0 animal skin
 v - a +0 plate armour (worn)
 y - the +1 leather armour of the Shining Light {Dex+8}
   (You took it off an orc wizard on level 3 of the Dungeon)

   Dex:       It affects your dexterity (+8).
Magical Staves
 j - a staff of poison
Jewellery
 k - a ring of magical power
Scrolls
 g - a scroll of fog {unknown}
 h - a scroll of noise {unknown}
 i - a scroll of enchant armour {unknown}
 l - a scroll of blinking {unknown}
 o - 3 scrolls of teleportation {unknown}
 q - 2 scrolls of enchant weapon {unknown}
 t - a scroll of identify {unknown}
Potions
 c - 2 potions of curing {unknown}
 d - 2 potions of heal wounds {unknown}
 e - 2 potions of flight {unknown}
 f - a potion of cancellation {unknown}
 n - 2 potions of lignification {unknown}
 p - a potion of invisibility {unknown}
 r - a potion of might {unknown}
 u - a potion of degeneration {unknown}
 z - 2 potions of resistance {unknown}


   Skills:
 + Level 4.7 Fighting
 + Level 5.2 Long Blades
 + Level 0.8 Axes
 + Level 2.7 Armour
 + Level 3.0 Dodging
 + Level 1.1 Stealth


You had 4 spell levels left.
You didn't know any spells.
Your spell library was empty.

Dungeon Overview and Level Annotations

Branches:
Dungeon (4/15)
 Temple: D:4-7

Altars:
Cheibriados


Innate Abilities, Weirdness & Mutations

You have a pair of horns on your head.
You reflexively headbutt those who attack you in melee.


Message History

You closely miss the kobold. The kobold barely misses you.
The kobold hits you with a +0 short sword.
An orc priest comes into view. It is wielding a +0 whip.
The orc priest shouts!
You hit the kobold.
You kill the kobold!
Trog accepts your kill.
An orc priest comes into view. It is wielding a +0 hand axe.
The orc priest shouts!
You slash the ball python!
You kill the ball python!
Trog accepts your kill.
The orc priest casts a cantrip, but nothing happens.
An orc wizard comes into view.
It is wielding a +2 dagger of electrocution.
An orc and an orc priest come into view.
The orc is wielding a +1 dagger of venom.
The orc shouts!
The orc priest shouts!
Things that are here:
a +0 short sword; 3 stones; a ball python corpse An endoplasm comes into view.
The endoplasm quivers.
The orc priest miscasts a cantrip.
The orc priest calls down the wrath of Beogh upon you.
Beogh smites you!
The orc priest calls down the wrath of Beogh upon you.
Pain shoots through your body!
The orc priest casts a cantrip, but nothing happens.
Things that are here:
a +0 short sword; 3 stones; a ball python corpse The orc priest invokes the aid of Beogh against you.
Beogh smites you!
The orc wizard gestures at you while chanting.
The puff of flame hits you.
* * * LOW HITPOINT WARNING * * *
The orc priest mumbles some strange prayers to Beogh against you.
Pain shoots through your body!
* * * LOW HITPOINT WARNING * * *
The orc priest invokes the aid of Beogh against you.
Beogh smites you!
You die...

..# .#
..#...#.# ..#
# ###.. #.#
..# .. #.#
..#
###########.#
#...........#
#.###########
#...........#
###########.#
#@# #.# #.#
#.# ........#
#o# ........#
#.# ........#
#o# ..>.$...#
#J# ........#
#.#


You could see an orc priest, an orc wizard and an endoplasm.

Vanquished Creatures
  An orc wizard (D:3)
  6 adders
  3 dart slugs
  6 orcs (D:3)
  7 ball pythons
  3 bats
  5 endoplasms
  4 giant cockroaches
  4 goblins
  7 hobgoblins
  2 quokkas (D:1)
  A frilled lizard (D:1)
  4 kobolds
  8 rats
61 creatures vanquished.

Notes
Turn   | Place    | Note
-------+----------+-------------------------------------------
     0 | D:1      | klau3 the Minotaur Berserker began the quest for the Orb.
     0 | D:1      | Reached XP level 1. HP: 19/19 MP: 0/0
   318 | D:1      | Reached skill level 4 in Long Blades
   318 | D:1      | Reached XP level 2. HP: 18/27 MP: 1/1
  1504 | D:2      | Found a faded altar of an unknown god.
  1510 | D:2      | Reached XP level 3. HP: 33/33 MP: 2/2
  1953 | D:2      | Reached ** piety under Trog
  2162 | D:3      | Reached XP level 4. HP: 27/41 MP: 3/3
  2241 | D:3      | Reached skill level 5 in Long Blades
  2320 | D:3      | Found a snail-covered altar of Cheibriados.
  2843 | D:3      | Identified the +1 leather armour of the Shining Light
                  | {Dex+8}
  2849 | D:3      | Reached skill level 1 in Stealth
  2849 | D:3      | Reached XP level 5. HP: 38/47 MP: 4/4
  3307 | D:4      | HP: 2/47 [orc priest/nerve-wracking pain (13)]
  3315 | D:4      | Killed from afar by an orc priest

Illustrated notes

Levels and vault maps discovered:
D:1:      minmay_arrival_loop, layout_basic, serial_aquarium,
          aquarium_bridge_straight [aquarium_subvault_bridge,
          aquarium_subvault_wall, aquarium_subvault_bridge,
          aquarium_subvault_balcony], aquarium_bridge_straight
          [aquarium_subvault_bridge, aquarium_subvault_balcony,
          aquarium_subvault_bridge, aquarium_subvault_wall],
          aquarium_window_fake, aquarium_window_3, aquarium_view_2d
D:2:      layout_basic, hellmonk_ecumenical_altar_lost_god,
          kennysheep_generic_room_11
D:3:      layout_loops_ring, kennysheep_slug_shrine, minivault_26,
          minmay_bisected
D:4:      layout_basic, gammafunk_temple_overflow_claw

Skill      XL: |  1  2  3  4 |
---------------+-------------+-----
Long Blades    | 4 5 |  5.2
Fighting       | 4 |  4.7
Dodging        | 3 |  3.0
Stealth        | 1 |  1.1
Axes           | |  0.8
Armour         | |  2.7

Action                   |  1- 3 |  4- 6 || total
-------------------------+-------+-------++-------
Melee: Falchion          |    61 |       ||    61
       Headbutt          |     9 |     6 ||    15
       Hand axe          |     8 |    43 ||    51
 Stab: Sleeping          |     1 |       ||     1
Armor: Animal skin       |     8 |     3 ||    11
       Plate armour      |       |    19 ||    19
Dodge: Dodged            |    67 |    32 ||    99

Table legend: (Time is in decaauts)
 A = Elapsed time spent in this place.
 B = Non-inter-level travel time spent in this place.
 C = Inter-level travel time spent in this place.
 D = Time resting spent in this place.
 E = Time spent auto-exploring this place.
 F = Levels seen in this place.
 G = Mean time per level.
                   A        B        C        D        E       F      G
               +--------+--------+--------+--------+--------+-----+--------+
         Total |   3340 |   3198 |    142 |    199 |   1907 |   4 |  835.0 |
       Dungeon |   3340 |   3198 |    142 |    199 |   1907 |   4 |  835.0 |
               +--------+--------+--------+--------+--------+-----+--------+

Top non-repeatable levels by time:
     D:1: 1507 daAuts
     D:3: 1075 daAuts
     D:2: 564 daAuts
     D:4: 193 daAuts
